 Dungeon Crawl Stone Soup version 0.27-a0-887-gcab673c142 (webtiles) character file.

Game seed: 14136158708641604106

26974 spiderkeys the Covert (level 13, -6/66 HPs)
             Began as a Spriggan Enchanter on Apr 3, 2021.
             Was an Elder of Dithmenos.
             Killed from afar by an ice statue (12 damage)
             ... with a bolt of cold
             ... in an ice cave.
             The game lasted 01:13:53 (19426 turns).

spiderkeys the Covert (Spriggan Enchanter)         Turns: 19426, Time: 01:13:54

Health: -6/66      AC: 11    Str:  4    XL:     13   Next: 1%
Magic:  25/27      EV: 27    Int: 18    God:    Dithmenos [****..]
Gold:   857        SH:  5    Dex: 19    Spells: 16/30 levels left

rFire    . . .     SeeInvis +   y - +2 short sword (venom)
rCold    . . .     Faith    .   (shield restricted)
rNeg     + . .     Spirit   .   N - +4 troll leather armour
rPois    .         Reflect  +   (helmet restricted)
rElec    .         Harm     .   h - +2 cloak
rCorr    .         Rampage  .   (gloves unavailable)
Will     ++...                  (boots unavailable)
Stlth    ++++++++..             F - amulet of reflection
HPRegen  1.21/turn              u - ring of positive energy
MPRegen  0.20/turn              L - +4 ring of evasion

@: wreathed by umbra, very quick
A: very small, no large weapons, unfitting armour, see invisible, speed 3
a: Renounce Religion, Shadow Step


You were in an ice cave.
You worshipped Dithmenos.
Dithmenos was greatly pleased with you.
You visited 3 branches of the dungeon, and saw 15 of its levels.
You also visited: Bailey and Ice Cave.

You collected 1003 gold pieces.
You spent 146 gold pieces at shops.

Inventory:

Hand Weapons
 s - a +1 rapier
 y - a +2 short sword of venom (weapon)
Missiles
 g - 9 curare-tipped darts
 q - 38 poisoned darts
 r - 4 throwing nets
Armour
 h - a +2 cloak (worn)
 C - +0 acid dragon scales
 D - a +2 robe of willpower
 I - a +2 robe of fire resistance
 N - a +4 troll leather armour (worn)
Jewellery
 u - a ring of positive energy (left hand)
 F - an amulet of reflection (around neck)
 L - a +4 ring of evasion (right hand)
Wands
 z - a wand of random effects (13)
 A - a wand of polymorph (11)
 P - a wand of charming (6)
 S - a wand of iceblast (8)
Scrolls
 a - 2 scrolls of fear
 e - 3 scrolls of teleportation
 i - 2 scrolls of enchant armour
 j - 4 scrolls of amnesia
 n - 2 scrolls of magic mapping
 H - a scroll of torment
 R - 3 scrolls of enchant weapon
Potions
 b - 4 potions of cancellation
 f - 3 potions of magic
 k - a potion of brilliance
 m - 2 potions of attraction
 p - 2 potions of curing
 t - 3 potions of ambrosia
 v - 3 potions of lignification
 G - 2 potions of might
 K - 2 potions of flight
 O - a potion of resistance {unknown}
Miscellaneous
 J - a box of beasts (inert)


   Skills:
 * Level 6.8 Fighting
 - Level 6.6 Short Blades
 + Level 11.1 Dodging
 + Level 13.3 Stealth
 - Level 9.0 Spellcasting
 + Level 12.1 Hexes
 * Level 5.6 Earth Magic
 + Level 5.5 Invocations
 + Level 7.5 Evocations


You had 16 spell levels left.
You knew the following spells:

 Your Spells              Type           Power      Damage    Failure   Level
a - Corona                Hex            56%        N/A       1%          1
b - Ensorcelled Hibernat  Hex/Ice        60%        N/A       1%          2
c - Confusing Touch       Hex            51%        N/A       1%          3
d - Tukima's Dance        Hex            51%        N/A       1%          3
e - Stone Arrow           Conj/Erth      36%        3d9       14%         3
f - Passwall              Tmut/Erth      15%        N/A       8%          2

Your spell library contained the following spells:

 Spells                   Type           Power      Damage    Failure   Level
 Sandblast                Erth           56%        2d13      1%          1
 Slow                     Hex            51%        N/A       1%          2
 Cause Fear               Hex            25%        N/A       1%          4
 Dazzling Flash           Conj/Hex       60%        N/A       3%          3
 Inner Flame              Hex/Fire       30%        N/A       3%          3
 Summon Guardian Golem    Hex/Summ       30%        N/A       3%          3
 Animate Skeleton         Necr           16%        N/A       16%         1
 Foxfire                  Conj/Fire      32%        2x1d5     16%         1
 Freeze                   Ice            32%        1d5       16%         1
 Magic Dart               Conj           32%        1d4       16%         1
 Pain                     Necr           32%        1d5       16%         1
 Summon Small Mammal      Summ           32%        N/A       16%         1
 Blink                    Tloc           N/A        N/A       24%         2
 Call Imp                 Summ           8%         N/A       24%         2
 Metabolic Englaciation   Hex/Ice        15%        N/A       34%         5
 Silence                  Hex/Air        15%        N/A       34%         5
 Yara's Violent Unravell  Hex/Tmut       15%        3d8       34%         5
 Lee's Rapid Deconstruct  Erth           14%        3d10*     41%         5
 Call Canine Familiar     Summ           8%         N/A       43%         3
 Conjure Flame            Conj/Fire      8%         6-21      43%         3
 Frozen Ramparts          Ice            16%        1d3       43%         3
 Gell's Gravitas          Tloc           4%         N/A       43%         3
 Mephitic Cloud           Conj/Pois/Air  8%         N/A       43%         3
 Ozocubu's Armour         Ice            8%         N/A       43%         3
 Vampiric Draining        Necr           4%         2d6       43%         3
 Petrify                  Tmut/Erth      18%        N/A       43%         4
 Animate Dead             Necr           4%         N/A       83%         4
 Hailstorm                Conj/Ice       8%         3d4       83%         4
 Sticky Flame             Conj/Fire      8%         2d3       83%         4
 Summon Ice Beast         Ice/Summ       8%         N/A       83%         4
 Summon Lightning Spire   Summ/Air       8%         N/A       83%         4
 Agony                    Necr           8%         N/A       99%         5
 Fireball                 Conj/Fire      4%         3d4       99%         5
 Chain Lightning          Conj/Air       4%         N/A       100%        8
 Discord                  Hex            25%        N/A       100%        8
 Lehudib's Crystal Spear  Conj/Erth      9%         10d4      100%        8
 Absolute Zero            Ice            4%         ∞         100%        9
 Fire Storm               Conj/Fire      4%         8d1       100%        9


Dungeon Overview and Level Annotations

Branches:
Dungeon (13/15)            Temple (1/1) D:7            Lair (0/6) D:8
    Orc (1/2) D:12         Bailey (visited)           IceCv (1/1)
 Vaults: D:13-14

Altars:
Ashenzari
Dithmenos
Elyvilon
Fedhas
Hepliaklqana
Kikubaaqudgha
Makhleb
Nemelex Xobeh
Qazlal
Ru
Sif Muna
Trog
Uskayaw
Vehumet
Yredelemnul
Zin
The Shining One

Shops:
D:5 *=!   D:10 =

Annotations:
D:3 digging vault
D:6 1 runed translucent door IceCv exclusion: ice statue


Innate Abilities, Weirdness & Mutations

You are very small and have problems with some larger weapons.
You are too small for most types of armour.
You have supernaturally acute eyesight. (SInv)
You cover ground extremely quickly. (Speed+++)


Message History

The ice beast is heavily wounded.
Your shadow hits the ice beast with a short sword.
The ice beast completely misses you.
You barely miss the ice beast.
The ice beast is severely wounded.
The ice beast barely misses you.
You hit the ice beast but do no damage.
The ice beast is severely wounded.
The ice beast completely misses you.
You hit the ice beast.
The ice beast is poisoned.
The ice beast is severely wounded.
You hit the ice beast.
The ice beast is almost dead.
Your shadow hits the ice beast with a short sword.
You kill the ice beast!
You see here a ring of positive energy.
Really walk into a travel-excluded area?
You hit the ice statue but do no damage.
The ice statue gestures at you. The freezing blast engulfs you!!
You are engulfed in freezing vapours.
The ice statue gestures at you. The freezing blast engulfs you!
* * * LOW HITPOINT WARNING * * *
Okay, then.
Okay, then.
Okay, then.
Aiming: Shadow Step
Press: ? - help, Dir - move target, f - ice statue
Aim: an ice statue (freezing vapour, umbra)
Okay, then.
You feel better.
You are engulfed in freezing vapours.
* * * LOW HITPOINT WARNING * * *
The ice statue gestures.
You feel better.
You are engulfed in freezing vapours.
* * * LOW HITPOINT WARNING * * *
The ice statue gestures at you.
The bolt of cold hits the ice beast.
The ice beast completely resists.
The bolt of cold hits you!
You die...

##.....##
##.......##
#.........#
#.........#
#........(#
#.........#
#[...=..(.#
#####.#####
#8Y@☼☼....#
#°§°○☼☼...#
#§☼§○○....#
#..§.§§...#
#.........#
##.......##
##.....##
###.###
**....,**


You could see an ice statue and an ice beast (summoned).

Vanquished Creatures
  Rupert (D:12)
  3 hydras
  A boulder beetle (D:8)
  Erica (D:9)
  3 two-headed ogres
  Pikel (D:4)
  An orc knight (Orc:1)
  A deep elf pyromancer (D:12)
  3 ugly things
  The ghost of robertstho the Magician, a novice DjFE (D:6)
  2 manticores (D:12)
  An orc sorcerer (Orc:1)
  2 ice statues (IceCv)
  A kobold demonologist (D:8)
  A komodo dragon (D:11)
  A tengu conjurer (D:8)
  An unseen horror (D:10)
  8 trolls
  Prince Ribbit (D:7)
  A shadow (D:11)
  13 yaks
  A wraith (D:12)
  6 wyverns
  Eustachio (D:4)
  Menkaure (D:4)
  4 vampire mosquitoes (D:11)
  Edmund (D:6)
  An acid dragon (D:10)
  2 water moccasins (D:8)
  8 ice beasts
  6 orc warriors
  2 necrophages
  2 sky beasts
  2 black bears
  2 ogres
  7 centaurs
  A lemure (D:4)
  2 phantoms (D:7)
  8 kobold brigands
  Blork the orc (D:5)
  2 gnoll sergeants
  3 scorpions
  2 bullfrogs
  A water moccasin skeleton (D:6)
  17 killer bees
  3 howler monkeys (D:9)
  6 wights
  10 electric eels
  6 centaur zombies
  A bullfrog zombie (D:6)
  4 hounds
  4 orc priests
  2 jellies
  A gnoll shaman (D:7)
  A centaur skeleton (D:7)
  A bullfrog skeleton (D:7)
  Jessica (D:2)
  Natasha (thrice) (D:2)
  4 iguanas
  11 orc wizards
  A howler monkey zombie (D:8)
  8 adders
  15 gnolls
  A shadow imp (D:7)
  An adder skeleton (D:4)
  A worm (D:6)
  3 dart slugs (D:1)
  40 orcs
  6 bats
  11 endoplasms
  A giant cockroach (D:4)
  6 goblins
  10 hobgoblins
  4 jackals
  21 kobolds
  3 quokkas
  5 ball pythons
  A quokka skeleton (D:4)
  6 rats
333 creatures vanquished.

Vanquished Creatures (collateral kills)
  A gargoyle (D:12)
  5 orc warriors
  2 ogres (Orc:1)
  4 killer bees (D:10)
  3 wights (D:8)
  An orc priest (Orc:1)
  2 gnolls
  8 orcs
26 creatures vanquished.

Vanquished Creatures (others)
  3 dancing weapons
  7 plants
10 creatures vanquished.

Grand Total: 369 creatures vanquished

Notes
Turn   | Place    | Note
-------+----------+-------------------------------------------
     0 | D:1      | spiderkeys the Spriggan Enchanter began the quest for the
                  | Orb.
     0 | D:1      | Reached XP level 1. HP: 9/9 MP: 5/5
   488 | D:1      | Reached XP level 2. HP: 13/13 MP: 4/6
   759 | D:1      | Found a faded altar of an unknown god.
  1330 | D:2      | Learned a level 2 spell: Ensorcelled Hibernation
  1445 | D:1      | Reached XP level 3. HP: 14/16 MP: 0/8
  1521 | D:2      | Reached skill level 5 in Stealth
  1562 | D:2      | Learned a level 3 spell: Confusing Touch
  1644 | D:2      | You fall into a shaft and drop 2 floors!
  1646 | D:4      | Reached XP level 4. HP: 21/21 MP: 9/9
  1666 | D:4      | Found a basalt altar of Yredelemnul.
  1666 | D:4      | Found a stormy altar of Qazlal.
  1667 | D:4      | Found a bloodstained altar of Trog.
  1669 | D:4      | Noticed a black bear
  1671 | D:4      | Noticed Menkaure
  1721 | D:4      | Noticed a lemure
  1722 | D:4      | Noticed a lemure
  1723 | D:4      | Noticed Pikel
  1723 | D:4      | Noticed a lemure
  1726 | D:4      | Noticed a lemure
  1744 | D:4      | Noticed an ogre
  1765 | D:5      | Entered Level 5 of the Dungeon
  2313 | D:5      | Found Ogrezxud's Distillery.
  2517 | D:5      | Reached skill level 5 in Hexes
  2517 | D:5      | Reached XP level 5. HP: 24/24 MP: 6/11
  2534 | D:5      | Found Ivvush's Jewellery Boutique.
  2664 | D:5      | Noticed an ogre
  2733 | D:5      | Killed an ogre
  2734 | D:5      | Reached XP level 6. HP: 28/28 MP: 1/13
  2842 | D:5      | Noticed a sky beast
  2850 | D:5      | Killed a sky beast
  2851 | D:5      | Reached skill level 6 in Stealth
  2861 | D:5      | Noticed Blork the orc
  2880 | D:5      | Killed Blork the orc
  3034 | D:5      | You fall into a shaft and drop 1 floor!
  3148 | D:5      | Reached XP level 7. HP: 32/32 MP: 14/14
  3351 | D:5      | Found Meehoh's Assorted Antiques.
  3376 | D:5      | Reached skill level 5 in Dodging
  3763 | D:5      | Reached skill level 7 in Stealth
  3763 | D:5      | Reached skill level 5 in Spellcasting
  3943 | D:5      | Bought a distressingly furry robe for 108 gold pieces
  3943 | D:5      | Identified the +0 robe of the Centipede {Harm rPois rF-}
                  | (You bought it in a shop on level 5 of the Dungeon)
  4201 | D:4      | Reached XP level 8. HP: 36/36 MP: 13/16
  4376 | D:4      | Killed Menkaure
  4739 | D:4      | Killed Pikel
  4740 | D:4      | Reached skill level 8 in Stealth
  4825 | D:4      | Reached skill level 5 in Short Blades
  4965 | D:4      | Noticed Eustachio
  4975 | D:4      | Killed Eustachio
  5110 | D:4      | Found an ancient bone altar of Kikubaaqudgha.
  5913 | D:2      | Noticed Natasha
  5921 | D:2      | Killed Natasha
  6140 | D:2      | Noticed Jessica
  6198 | D:2      | Killed Jessica
  6199 | D:2      | Reached XP level 9. HP: 38/39 MP: 16/19
  6497 | D:2      | Noticed Natasha
  6509 | D:2      | Killed Natasha
  6825 | D:2      | Noticed Natasha
  6835 | D:2      | Killed Natasha
  7217 | D:5      | Bought 2 scrolls labelled KEILESCH BOSA for 38 gold pieces
  7516 | D:6      | Found a runed translucent door.
  7516 | D:6      | Noticed Edmund
  7522 | D:6      | Noticed robertstho's ghost (novice DjFE)
  7524 | D:6      | Killed Edmund
  7540 | D:6      | Reached skill level 9 in Stealth
  7555 | D:6      | Found a runed translucent door.
  7560 | D:6      | Killed robertstho's ghost
  7978 | D:6      | Reached skill level 10 in Hexes
  8946 | D:7      | Noticed a two-headed ogre
  8966 | D:7      | Killed a two-headed ogre
  9096 | D:7      | Found a staircase to the Ecumenical Temple.
  9104 | Temple   | Entered the Ecumenical Temple
  9165 | Temple   | Became a worshipper of Dithmenos the Shadowed
  9354 | D:7      | Reached skill level 10 in Stealth
  9418 | D:7      | Reached XP level 10. HP: 38/43 MP: 17/22
  9631 | D:7      | Noticed Prince Ribbit
  9805 | D:7      | Killed Prince Ribbit
 10253 | D:7      | Reached * piety under Dithmenos
 10651 | D:8      | Found a flagged portal.
 10669 | Bailey   | Entered a bailey
 10739 | Bailey   | Learned a level 3 spell: Tukima's Dance
 10790 | Bailey   | Found a burning altar of Makhleb.
 10802 | Bailey   | Identified the +6 long sword of Valuable Assets {protect,
                  | rPois Dex+3}
 10868 | D:8      | Reached skill level 1 in Evocations
 11034 | D:8      | Reached skill level 1 in Fighting
 11043 | D:8      | Reached skill level 1 in Invocations
 11186 | D:8      | Found a staircase to the Lair.
 11646 | D:8      | Reached skill level 11 in Stealth
 11885 | D:8      | Reached ** piety under Dithmenos
 12426 | D:8      | Noticed a two-headed ogre
 12434 | D:8      | Noticed a boulder beetle
 12436 | D:8      | Reached XP level 11. HP: 49/52 MP: 12/24
 12454 | D:8      | Killed a two-headed ogre
 12713 | D:8      | Killed a boulder beetle
 13036 | D:8      | Learned a level 3 spell: Stone Arrow
 13039 | D:8      | Learned a level 2 spell: Passwall
 13655 | D:9      | Noticed a two-headed ogre
 13658 | D:9      | Killed a two-headed ogre
 13659 | D:9      | Reached skill level 1 in Earth Magic
 13660 | D:9      | Reached *** piety under Dithmenos
 14416 | D:9      | Noticed Erica
 14423 | D:9      | Killed Erica
 14424 | D:9      | Reached skill level 10 in Dodging
 14424 | D:9      | Reached skill level 12 in Stealth
 14424 | D:9      | Reached skill level 5 in Evocations
 14619 | D:10     | Entered Level 10 of the Dungeon
 15174 | D:10     | Reached skill level 5 in Fighting
 15403 | D:10     | Noticed a purple ugly thing
 15415 | D:10     | Killed a purple ugly thing
 15506 | D:10     | Reached **** piety under Dithmenos
 15661 | D:10     | Found Vorrocogg's Jewellery Emporium.
 15828 | D:11     | Noticed a seven-headed hydra
 15849 | D:11     | Killed a seven-headed hydra
 15850 | D:11     | Reached XP level 12. HP: 22/60 MP: 19/26
 15933 | D:11     | Noticed a five-headed hydra
 15969 | D:11     | Killed a five-headed hydra
 16992 | D:12     | Noticed Rupert
 17117 | D:12     | Killed Rupert
 17118 | D:12     | Reached skill level 5 in Invocations
 17447 | D:12     | Found a staircase to the Orcish Mines.
 17598 | D:12     | Reached ***** piety under Dithmenos
 17599 | D:12     | Reached skill level 13 in Stealth
 17750 | D:12     | Noticed an eight-headed hydra
 17754 | D:12     | Reached skill level 5 in Earth Magic
 17767 | D:12     | Killed an eight-headed hydra
 18160 | Orc:1    | Entered Level 1 of the Orcish Mines
 18329 | Orc:1    | Found a frozen archway.
 18340 | IceCv    | Entered an ice cave
 19405 | IceCv    | Reached XP level 13. HP: 66/66 MP: 22/27
 19426 | IceCv    | Killed from afar by an ice statue

Illustrated notes

Levels and vault maps discovered:
D:1:      scummos_arrival_simple_crosswalls, layout_basic,
          shapermc_ecumenical_altar_gd, minmay_stone_trees_small,
          minmay_statues_item
D:2:      minmay_spotlight, layout_basic, uniq_jessica, uniq_natasha
D:3:      wad_lake_hut, layout_basic, due_unseen_surprise
D:4:      layout_cave_pools, chequers_temple_overflow_statue_of_worship,
          marbit_many_paths, uniq_menkaure, uniq_eustachio, uniq_pikel
D:5:      layout_basic, serial_shops, shop, shop_fountains, shop, minivault_23,
          uniq_blork_the_orc
D:6:      cheibrodos_thug_alley, layout_cave_pods, ebering_ghost_sewer_f,
          uniq_edmund
D:7:      layout_loops_ring, minmay_temple_entry_drinking_statues,
          serial_co_window_serial, co_window_corner_a,
          co_window_of_opportunity_a, co_window_corner_a, co_window_paths_a,
          co_window_cross_1, co_window_of_opportunity_c, co_window_corner_ca,
          co_window_corner_b, co_window_cross_2, co_window_corner_b,
          glass_columns_b, glass_columns_a, glass_columns_b, glass_columns_c,
          uniq_prince_ribbit1
D:8:      layout_loops_ring, dpeg_oklobed_lair, special_room
          [special_room_kobold], enter_bailey_2, minmay_pinched_square
D:9:      layout_loops_ring, uniq_erica
D:10:     cheibrodos_two_vegetables, layout_cave_pools, serial_shops, shop
D:11:     layout_basic
D:12:     layout_loops_cross, david_orc_4, uniq_rupert
D:13:     layout_cave_pools, enter_trove_6, drop_trap, grunt_decor_resistance
Temple:   hc_temple_tempest_star
Orc:1:    layout_diamond_mine, portal_ice_cave_entry_ice_beasts, mines1_david
IceCv:    ice_cave_statue_garden_chambered

Skill      XL: |  1  2  3  4  5  6  7  8  9 10 11 12 |
---------------+-------------------------------------+-----
Hexes          | 4 5 6 7 9 10 11 12 | 12.1
Dodging        | 3 4 5 6 8 9 10 11 | 11.1
Spellcasting   | 3 4 5 6 7 8 9 |  9.0
Stealth        | 5 6 7 8 10 11 12 13 | 13.3
Short Blades   | 2 3 4 5 6 |  6.6
Evocations     | 3 5 7 |  7.5
Fighting       | 3 5 6 |  6.8
Invocations    | 2 4 5 |  5.5
Earth Magic    | 3 5 |  5.6

Action                   |  1- 3 |  4- 6 |  7- 9 | 10-12 | 13-15 || total
-------------------------+-------+-------+-------+-------+-------++-------
Melee: Dagger            |    76 |    39 |   117 |       |       ||   232
       Rapier            |       |       |    64 |       |       ||    64
       Short sword       |       |       |   117 |   809 |     7 ||   933
Throw: Dart              |       |       |     6 |     4 |       ||    10
 Cast: Corona            |    13 |       |     1 |       |       ||    14
       Ensorcelled Hiber |     5 |    26 |    91 |   177 |       ||   299
       Confusing Touch   |       |     1 |    10 |    35 |       ||    46
       Tukima's Dance    |       |       |       |    41 |       ||    41
       Passwall          |       |       |       |    14 |       ||    14
       Stone Arrow       |       |       |       |     6 |       ||     6
Invok: Shadow Step       |       |       |       |     3 |       ||     3
Evoke: Wand              |       |       |       |    40 |       ||    40
       Box of beasts     |       |       |       |     2 |       ||     2
  Use: Scroll            |       |       |    16 |    21 |       ||    37
       Potion            |       |       |       |     9 |     2 ||    11
 Stab: Sleeping          |    10 |    14 |    68 |   118 |       ||   210
       Distracted        |       |     1 |       |     3 |       ||     4
       Confused          |       |       |    15 |    40 |       ||    55
       Invisible         |       |       |       |     4 |       ||     4
Armor: Robe              |     4 |     4 |    35 |    27 |       ||    70
       Troll leather arm |       |       |       |    50 |       ||    50
Dodge: Dodged            |    52 |    31 |   258 |   740 |     3 ||  1084
Block: Other             |       |       |       |    21 |       ||    21
       Reflection        |       |       |       |     1 |       ||     1

Table legend: (Time is in decaauts)
 A = Elapsed time spent in this place.
 B = Non-inter-level travel time spent in this place.
 C = Inter-level travel time spent in this place.
 D = Time resting spent in this place.
 E = Time spent auto-exploring this place.
 F = Levels seen in this place.
 G = Mean time per level.
                   A        B        C        D        E       F      G
               +--------+--------+--------+--------+--------+-----+--------+
         Total |  15191 |  14701 |    490 |   3134 |   7834 |  17 |  893.6 |
       Dungeon |  14006 |  13517 |    489 |   2766 |   7757 |  13 | 1077.4 |
        Temple |     43 |     43 |      0 |      0 |     31 |   1 |   43.0 |
  Orcish Mines |    144 |    144 |      0 |     54 |      0 |   1 |  144.0 |
        Bailey |    140 |    140 |      0 |     61 |      1 |   1 |  140.0 |
      Ice Cave |    856 |    856 |      0 |    253 |     45 |   1 |  856.0 |
               +--------+--------+--------+--------+--------+-----+--------+

Top non-repeatable levels by time:
     D:7: 2150 daAuts
     D:5: 1897 daAuts
     D:8: 1849 daAuts
     D:1: 1092 daAuts
     D:6: 1067 daAuts
     D:2: 991 daAuts
     D:4: 920 daAuts
    D:12: 880 daAuts
     D:9: 876 daAuts
    D:11: 868 daAuts
   IceCv: 856 daAuts
    D:10: 793 daAuts
     D:3: 606 daAuts
   Orc:1: 144 daAuts
  Bailey: 140 daAuts
